General information
			
			
        
        - name: BNet
 
        - type: Ladder 1vs1/FFA
 
        - host: Battle.net
 
        - saver: BEAR_AND
 
        
map: MeltingValley 
        - players: 2
 
        - length: 39:51
 
        - speed: Fast
 - version: 1.22 W3XP
 - replay type:  

 
» download(151 KB)
Players
        team 1 (loser) 
              
              
TheHp (
yellow | 106 APM | 4220 actions | 39:49)
              
 4 Demon Hunter 
 2 Mana Burn
 2 Evasion
 4 Beastmaster 
 2 Summon Quilbeast
 2 Summon Hawk
 3 Pandaren Brewmaster 
 2 Breath of Fire
 1 Drunken Haze
 
                » actions 
                
                | Assign group hotkey | 22 |  | 
| Basic commands | 436 |  | 
| Build / train | 81 |  | 
| ESC pressed | 8 |  | 
| Enter build submenu | 43 |  | 
| Enter hero's abilities submenu | 11 |  | 
| Give item / drop item | 5 |  | 
| Right click | 1195 |  | 
| Select / deselect | 902 |  | 
| Select group hotkey | 1385 |  | 
| Use ability | 130 |  | 
                4220 total
 » units 
                
                | Wisp | 35 |  | 
| Archer | 1 |  | 
| Dryad | 3 |  | 
| Druid of the Claw | 10 |  | 
                49 total
 » upgrades
                
                | Druid of the Claw Training | 2 |  | 
| Strength of the Wild | 2 |  | 
| Reinforced Hides | 2 |  | 
| Mark of the Claw | 1 |  | 
| Druid of the Talon Training | 1 |  | 
                8 total
 » buildings
                
                | Altar of Elders | 1 |  | 
| Moon Well | 9 |  | 
| Ancient of War | 1 |  | 
| Tree of Ages | 2 |  | 
| Hunter's Hall | 1 |  | 
| Ancient of Wonders | 1 |  | 
| Ancient of Lore | 2 |  | 
| Tree of Eternity | 2 |  | 
| Tree of Life | 6 |  | 
| Ancient Protector | 14 |  | 
| Ancient of Wind | 1 |  | 
                40 total
 » build order
                00:08 Altar of Elders
00:19 Moon Well
00:43 Ancient of War
02:15 Tree of Ages
02:27 Moon Well
02:58 Hunter's Hall
03:20 Moon Well
03:51 Ancient of Wonders
05:00 Ancient of Lore
05:03 Ancient of Lore
06:25 Tree of Eternity
07:37 Moon Well
08:47 Moon Well
13:29 Tree of Life
17:40 Tree of Life
18:25 Moon Well
18:27 Moon Well
20:40 Tree of Life
21:44 Tree of Life
23:31 Ancient Protector
23:33 Ancient Protector
24:19 Ancient Protector
24:23 Ancient Protector
24:25 Ancient Protector
24:36 Ancient Protector
26:06 Ancient Protector
29:34 Tree of Life
30:33 Tree of Life
31:41 Ancient Protector
31:48 Ancient Protector
31:53 Ancient Protector
34:28 Tree of Ages
36:44 Moon Well
36:49 Tree of Eternity
37:06 Ancient of Wind
37:34 Ancient Protector
37:40 Ancient Protector
38:06 Moon Well
38:32 Ancient Protector
38:45 Ancient Protector
» items
                
                | Boots of Speed | 3 |  | 
| Staff of Preservation | 1 |  | 
| Orb of Venom | 2 |  | 
                6 total
  
               team 2 (winner) 
              
              
BEAR_AND (
red | 113 APM | 4489 actions | 39:51)
              
 4 Archmage 
 2 Blizzard
 2 Brilliance Aura
 4 Blood Mage 
 2 Flame Strike
 2 Siphon Mana
 2 Pit Lord 
 1 Rain of Fire
 1 Cleaving Attack
 
                » actions 
                
                | Assign group hotkey | 15 |  | 
| Basic commands | 4 |  | 
| Build / train | 129 |  | 
| Enter build submenu | 77 |  | 
| Enter hero's abilities submenu | 11 |  | 
| Give item / drop item | 6 |  | 
| Remove unit from queue | 3 |  | 
| Right click | 2757 |  | 
| Select / deselect | 562 |  | 
| Select group hotkey | 631 |  | 
| Use ability | 294 |  | 
                4489 total
 » units 
                
                | Peasant | 23 |  | 
| Priest | 3 |  | 
| Sorceress | 1 |  | 
| Goblin Shredder | 2 |  | 
                29 total
 » upgrades
                
                | Masonry | 3 |  | 
| Lumber Harvesting | 2 |  | 
| Magic Sentry | 1 |  | 
| Priest Training | 1 |  | 
| Sorceress Training | 2 |  | 
| Gunpowder | 3 |  | 
| Armor | 0 |  | 
| Plating | 3 |  | 
| Flak Cannons | 1 |  | 
| Flying Machine Bombs | 1 |  | 
| Swords | 0 |  | 
                17 total
 » buildings
                
                | Altar of Kings | 1 |  | 
| Farm | 6 |  | 
| Lumber Mill | 1 |  | 
| Scout Tower | 66 |  | 
| Arcane Tower | 6 |  | 
| Keep | 2 |  | 
| Guard Tower | 38 |  | 
| Arcane Vault | 1 |  | 
| Arcane Sanctum | 1 |  | 
| Castle | 1 |  | 
| Town Hall | 2 |  | 
| Blacksmith | 1 |  | 
| Workshop | 3 |  | 
                129 total
 » build order
                00:10 Altar of Kings
00:21 Farm
00:36 Lumber Mill
00:59 Farm
01:03 Farm
01:09 Scout Tower
01:37 Arcane Tower
02:52 Scout Tower
02:53 Scout Tower
03:24 Keep
03:26 Guard Tower
03:43 Scout Tower
03:48 Scout Tower
03:52 Guard Tower
03:55 Scout Tower
03:57 Scout Tower
04:30 Guard Tower
04:48 Guard Tower
04:51 Scout Tower
04:52 Scout Tower
04:55 Scout Tower
05:21 Arcane Vault
05:23 Guard Tower
05:49 Arcane Sanctum
05:54 Guard Tower
06:34 Guard Tower
08:29 Castle
09:27 Farm
09:28 Farm
09:28 Farm
10:14 Town Hall
10:15 Scout Tower
10:17 Scout Tower
10:23 Scout Tower
11:22 Guard Tower
11:23 Scout Tower
11:24 Scout Tower
11:24 Scout Tower
11:25 Scout Tower
11:26 Scout Tower
11:26 Scout Tower
11:36 Scout Tower
11:37 Scout Tower
11:58 Guard Tower
11:58 Guard Tower
12:23 Guard Tower
13:05 Guard Tower
13:14 Guard Tower
13:43 Scout Tower
14:26 Guard Tower
14:28 Scout Tower
14:28 Scout Tower
15:09 Guard Tower
15:12 Scout Tower
15:12 Scout Tower
15:13 Scout Tower
15:30 Blacksmith
15:36 Guard Tower
17:35 Workshop
18:01 Scout Tower
18:01 Scout Tower
18:13 Scout Tower
18:14 Scout Tower
18:55 Guard Tower
18:55 Scout Tower
18:56 Scout Tower
19:22 Guard Tower
19:25 Guard Tower
19:41 Workshop
19:53 Guard Tower
20:35 Scout Tower
20:36 Scout Tower
20:37 Scout Tower
21:10 Guard Tower
21:11 Guard Tower
21:12 Scout Tower
21:12 Scout Tower
21:12 Scout Tower
21:13 Scout Tower
21:14 Scout Tower
21:15 Scout Tower
21:18 Scout Tower
21:19 Scout Tower
21:44 Guard Tower
21:44 Guard Tower
21:46 Guard Tower
21:46 Guard Tower
21:49 Guard Tower
21:53 Scout Tower
21:53 Scout Tower
21:55 Scout Tower
22:02 Guard Tower
22:23 Guard Tower
22:23 Guard Tower
22:36 Town Hall
22:37 Scout Tower
22:38 Scout Tower
22:39 Scout Tower
22:39 Scout Tower
22:46 Scout Tower
22:46 Scout Tower
22:47 Scout Tower
22:47 Scout Tower
23:13 Guard Tower
23:44 Guard Tower
23:46 Scout Tower
23:46 Scout Tower
23:47 Scout Tower
23:48 Scout Tower
24:15 Guard Tower
24:16 Guard Tower
24:23 Scout Tower
24:28 Scout Tower
24:28 Scout Tower
24:51 Arcane Tower
24:52 Arcane Tower
25:37 Guard Tower
25:54 Scout Tower
25:54 Scout Tower
25:55 Scout Tower
25:56 Scout Tower
27:29 Guard Tower
28:08 Guard Tower
28:11 Workshop
» items
                
                | Boots of Speed | 3 |  | 
| Staff of Teleportation | 3 |  | 
| Potion of Healing | 3 |  | 
| Staff of Sanctuary | 3 |  | 
| Scroll of Town Portal | 1 |  | 
                13 total
  
                Chat log
          
(04:39 / All) BEAR_AND: ?
(04:42 / All) TheHp: ??
(04:45 / All) BEAR_AND: gl hf
(16:07 / All) BEAR_AND: better luck next time
(24:16 / All) BEAR_AND: gl hf
(27:04 / All) BEAR_AND: rofl
(27:22 / All) BEAR_AND: ROFL
(27:37 / All) TheHp: I dont konw what are you say
(27:44 / All) BEAR_AND: from?
(27:46 / All) TheHp: I dont speak English
(28:02 / All) BEAR_AND: oh axcuse me....i didn't realize your only language was Noob
(28:20 / All) TheHp: I speak English
(28:22 / All) TheHp: a little
(28:26 / All) BEAR_AND: from?
(28:27 / All) TheHp: What is nood??
(29:20 / All) BEAR_AND: you like a tower?
(29:28 / All) TheHp: yeah
(29:34 / All) BEAR_AND: is a good thing. . . . hehe
(29:41 / All) TheHp: ??
(29:46 / All) TheHp: what's mean?
(29:57 / All) BEAR_AND: i suppose my intolerance for noobs is mean
(30:29 / All) BEAR_AND: staffin and laughin
(33:33 / All) BEAR_AND: you ever play this game before huh?
(33:43 / All) TheHp: huh??
(34:24 / All) BEAR_AND: bahahaha
(34:30 / All) TheHp: bahahaha??
(34:35 / All) BEAR_AND: you got it kid
(34:43 / All) TheHp: kid??
(34:51 / All) TheHp: i'm adult
(35:10 / All) BEAR_AND: living in a Group Home for Adult Noobs no doubt ;
(35:41 / All) TheHp: what is noob's mean?